 Dungeon Crawl Stone Soup version 0.30-a0-141-g30f27751c5 (webtiles) character file.

Game seed: 5867293934001805996

197 qw the Chopper (level 5, -1/32 HPs)
             Began as a Gargoyle Fighter on Sept 25, 2022.
             Slain by an ogre
             ... wielding a +0 giant club
              (11 damage)
             ... on level 4 of the Dungeon.
             The game lasted 00:01:07 (3160 turns).

qw the Chopper (Gargoyle Fighter)                   Turns: 3160, Time: 00:01:08

Health: -1/32      AC: 17    Str: 19    XL:     5   Next: 75%
Magic:  5/5        EV: 11    Int:  9    God:
Gold:   187        SH:  5    Dex: 16    Spells: 4/4 levels left

rFire   . . .      SeeInvis .    Y - +2 war axe
rCold   . . .      Faith    .    c - +0 buckler
rNeg    + . .      Spirit   .    h - +3 ring mail of the Cooper {rElec rCorr Dex+4}
rPois   inf        Reflect  .    (no helmet)
rElec   +          Harm     .    (no cloak)
rCorr   +          Rampage  .    g - +0 pair of gloves
Will    .....                    (no boots)
Stlth   +.........               (no amulet)
HPRegen 0.10/turn                m - ring of the Sky {+Blink rCorr AC+4 Str-2 Dex+3}
MPRegen 0.09/turn                (no ring)

@: no status effects
A: sickness immunity, AC +4, negative energy resistance 1, electricity
resistance, torment resistance 1, petrification resistance
a: Evoke Blink


You were on level 4 of the Dungeon.
You visited 1 branch of the dungeon, and saw 4 of its levels.

You collected 187 gold pieces.


Innate Abilities, Weirdness & Mutations

You are immune to sickness and miasma.
Your stone body is resilient. (AC +4)
You are immune to poison.
You resist negative energy. (rN+)
You are resistant to electric shocks. (rElec)
You are resistant to unholy torment.
You are immune to petrification.


   Skills:
 - Level 3.2 Fighting
 + Level 4.7 Axes
 - Level 3.2 Armour
 - Level 1.8 Dodging
 - Level 3.2 Shields


You had 4 spell levels left.
You didn't know any spells.
Your spell library was empty.

Inventory:

Hand Weapons
 j - a +2 morningstar of protection
 Y - a +2 war axe (weapon)
Armour
 c - a +0 buckler (worn)
 g - a +0 pair of gloves (worn)
 h - the +3 ring mail of the Cooper (worn) {rElec rCorr Dex+4}
   (You found it on level 3 of the Dungeon)

   Dex:       It affects your dexterity (+4).
   rElec:     It insulates you from electricity.
   rCorr:     It protects you from acid and corrosion.
Jewellery
 m - the ring of the Sky (left hand) {+Blink rCorr AC+4 Str-2 Dex+3}
   (You found it on level 3 of the Dungeon)

   [ring of protection]

   AC:        It affects your AC (+4).
   Str:       It affects your strength (-2).
   Dex:       It affects your dexterity (+3).
   +Blink:    It lets you blink.
   rCorr:     It protects you from acid and corrosion.
 n - a ring of fire
Scrolls
 a - 2 scrolls of teleportation
 b - a scroll of identify
Potions
 d - 3 potions of might
 e - 4 potions of curing
 f - a potion of ambrosia {unknown}
 i - a potion of brilliance {unknown}
 k - a potion of attraction
 l - a potion of haste {unknown}

Dungeon Overview and Level Annotations

Branches:
Dungeon (4/15)
 Temple: D:4-7

Altars:


Message History

The orc hits you with a +0 dagger. The orc closely misses you.
You completely miss the orc. The orc hits you with a +0 dagger.
You closely miss the orc. You block the orc's attack.
You slash the orc!
You kill the orc!
You start resting.
HP restored.
You now have 183 gold pieces (gained 11).
You now have 187 gold pieces (gained 4).
An ogre comes into view. It is wielding a +0 giant club.
The ogre shouts!
Enter note: Something unseen opens the door.
A kobold comes into view. It is wielding a +0 short sword.
You hit the ogre.
The ogre is lightly wounded.
The ogre barely misses you.
You barely miss the ogre.
The ogre is lightly wounded.
The ogre hits you with a +0 giant club!
A worm comes into view.
3156 ||| Stepping ~*~*~tactically~*~*~ (stealth).
You hit the kobold but do no damage.
The kobold hits you with a +0 short sword.
The kobold misses you. The ogre hits you with a +0 giant club!
You hit the ogre.
The ogre is moderately wounded.
You closely miss the kobold. The kobold barely misses you.
You slash the ogre!
The ogre is heavily wounded.
You miss the kobold. The ogre barely misses you. The kobold barely misses you.
You slash the ogre!
The ogre is almost dead.
You hit the kobold. The ogre hits you with a +0 giant club!
You die...

#... ##..# #. ##...##... ##w #.
#........######.. ##..
..#.............. ..####....
##............#.. .. #.......
#........#....##.####'# ##......#
..........#...###.....###...>...#
......##..#....##O...###.......#
......###..#...#@K.............#
.....## ##.#......##...###.....##
..#..# #........###..# #.......
....## ##............# ##......
....## ####............# ##......
#...)###...............# #....###
#...............#......# #......#
#................###....##.......
#..##....####.....###>..#........


You could see an ogre and a kobold.

Vanquished Creatures
  2 scorpions (D:4)
  An adder (D:2)
  2 worms
  A dart slug (D:2)
  2 orcs
  4 bats
  4 endoplasms
  2 giant cockroaches
  11 goblins
  6 hobgoblins
  4 jackals (D:1)
  2 quokkas (D:1)
  4 ball pythons
  2 frilled lizards
  5 kobolds
  5 rats
57 creatures vanquished.

Vanquished Creatures (others)
  7 toadstools (D:1)
7 creatures vanquished.

Grand Total: 64 creatures vanquished

Notes
Turn   | Place    | Note
-------+----------+-------------------------------------------
     0 | D:1      | qw the Gargoyle Fighter began the quest for the Orb.
     0 | D:1      | Reached XP level 1. HP: 14/14 MP: 1/1
     0 | D:1      | 0 ||| qw: Version: 0.2-a-10-g399e6c4
     0 | D:1      | 0 ||| qw: Game counter: 134
     0 | D:1      | 0 ||| qw: Always use a shield: true
     0 | D:1      | 0 ||| qw: God list: Okawaru
     0 | D:1      | 0 ||| qw: Allow faded altars: false
     0 | D:1      | 0 ||| qw: Do Orc after D:15 true
     0 | D:1      | 0 ||| qw: Do second Lair branch before Depths: true
     0 | D:1      | 0 ||| qw: Lair rune preference: random
     0 | D:1      | 0 ||| qw: Plans: Normal, Zot:1-4, God:TSO, Crypt, Tomb,
                  | Pan, Slime:5, Hells, Abyss, Orb
     0 | D:1      | 0 ||| PLANNING D:1-11
   118 | D:1      | Reached skill level 2 in Axes
   154 | D:1      | 154 ||| Stepping ~*~*~tactically~*~*~ (stealth).
   355 | D:1      | Reached XP level 2. HP: 19/19 MP: 2/2
   457 | D:1      | 457 ||| Stepping ~*~*~tactically~*~*~ (stealth).
   945 | D:1      | Reached skill level 3 in Axes
  1007 | D:1      | Found a faded altar of an unknown god.
  1082 | D:1      | Reached XP level 3. HP: 23/23 MP: 3/3
  1136 | D:1      | 1136 ||| Stepping ~*~*~tactically~*~*~ (stealth).
  1319 | D:1      | 1319 ||| READING 3 scrolls labelled CIUP RIEZAJAAPS.
  1324 | D:1      | 1324 ||| READING scroll labelled GOFIVVIHOO.
  1325 | D:1      | 1325 ||| READING scroll labelled BOUXOP MER.
  1326 | D:1      | 1326 ||| READING scroll labelled QIYMEME MYXI.
  1327 | D:1      | 1327 ||| DRINKING 4 metallic golden potions.
  1328 | D:1      | 1328 ||| DRINKING 2 glowing brown potions.
  1448 | D:2      | 1448 ||| FLEEEEING.
  1449 | D:2      | 1449 ||| FLEEEEING.
  1450 | D:2      | 1450 ||| FLEEEEING.
  1451 | D:2      | 1451 ||| FLEEEEING.
  1452 | D:2      | 1452 ||| FLEEEEING.
  1453 | D:2      | 1453 ||| FLEEEEING.
  1454 | D:2      | 1454 ||| FLEEEEING.
  1455 | D:2      | 1455 ||| FLEEEEING.
  1457 | D:2      | 1457 ||| FLEEEEING.
  1459 | D:2      | 1459 ||| FLEEEEING.
  1461 | D:2      | 1461 ||| FLEEEEING.
  1462 | D:2      | 1462 ||| FLEEEEING.
  1463 | D:2      | 1463 ||| FLEEEEING.
  1464 | D:2      | 1464 ||| FLEEEEING.
  1465 | D:2      | 1465 ||| FLEEEEING.
  1466 | D:2      | 1466 ||| FLEEEEING.
  1467 | D:2      | 1467 ||| FLEEEEING.
  1468 | D:2      | 1468 ||| FLEEEEING.
  1469 | D:2      | 1469 ||| FLEEEEING.
  1470 | D:2      | 1470 ||| FLEEEEING.
  1471 | D:2      | 1471 ||| FLEEEEING.
  1475 | D:2      | 1475 ||| FLEEEEING.
  1476 | D:2      | 1476 ||| FLEEEEING.
  1477 | D:2      | 1477 ||| FLEEEEING.
  1478 | D:2      | 1478 ||| FLEEEEING.
  1480 | D:2      | 1480 ||| FLEEEEING.
  1481 | D:2      | 1481 ||| FLEEEEING.
  1513 | D:2      | 1513 ||| DROPPING +0 club.
  1599 | D:2      | 1599 ||| Stepping ~*~*~tactically~*~*~ (hiding).
  1600 | D:2      | 1600 ||| Stepping ~*~*~tactically~*~*~ (hiding).
  1601 | D:2      | 1601 ||| Stepping ~*~*~tactically~*~*~ (hiding).
  1603 | D:2      | 1603 ||| Stepping ~*~*~tactically~*~*~ (hiding).
  1711 | D:2      | 1711 ||| DROPPING +0 whip.
  1756 | D:2      | Reached XP level 4. HP: 28/28 MP: 4/4
  2071 | D:2      | 2071 ||| UPGRADING to +0 pair of gloves.
  2076 | D:2      | 2076 ||| READING scroll labelled OFIGAG LAJONN.
  2077 | D:2      | 2077 ||| READING scroll labelled DUFRAA ZAILARI.
  2094 | D:3      | Identified the +3 ring mail of the Cooper {rElec rCorr
                  | Dex+4}
  2106 | D:3      | 2106 ||| READING scroll of enchant weapon.
  2106 | D:3      | 2106 ||| ENCHANTING +1 war axe.
  2148 | D:3      | 2148 ||| Stepping ~*~*~tactically~*~*~ (stealth).
  2204 | D:3      | Identified the ring of the Sky {+Blink rCorr AC+4 Str-2
                  | Dex+3}
  2232 | D:3      | Reached skill level 4 in Axes
  2324 | D:3      | HP: 6/28 [worm (8)]
  2325 | D:3      | 2325 ||| READING 2 scrolls of teleportation.
  2863 | D:3      | 2863 ||| UPGRADING to +3 ring mail of the Cooper {rElec
                  | rCorr Dex+4}.
  2873 | D:3      | 2873 ||| DROPPING +0 scale mail.
  2874 | D:3      | 2874 ||| DROPPING +6 ring of intelligence.
  2875 | D:3      | 2875 ||| UPGRADING to ring of the Sky {+Blink rCorr AC+4
                  | Str-2 Dex+3}.
  2876 | D:3      | 2876 ||| READING scroll labelled KONIESAIJ.
  2905 | D:4      | Noticed a scorpion
  2912 | D:4      | Killed a scorpion
  2913 | D:4      | Reached skill level 1 in Dodging
  2913 | D:4      | Reached XP level 5. HP: 27/32 MP: 5/5
  3047 | D:4      | 3047 ||| Stepping ~*~*~tactically~*~*~ (stealth).
  3048 | D:4      | 3048 ||| Stepping ~*~*~tactically~*~*~ (stealth).
  3049 | D:4      | 3049 ||| Stepping ~*~*~tactically~*~*~ (stealth).
  3149 | D:4      | Noticed an ogre
  3156 | D:4      | 3156 ||| Stepping ~*~*~tactically~*~*~ (stealth).
  3160 | D:4      | Slain by an ogre

Levels and vault maps discovered:
D:1:      nagdon_arrival_double_spiral, layout_basic,
          hellmonk_ecumenical_altar_run_dry
D:2:      layout_loops_cross, minivault_14, hangedman_feature_mirror
D:3:      layout_basic, hangedman_decor_push
D:4:      due_chaos_kobolds, layout_layer_cave, nicolae_ru_sacrificial_ziggurat,
          kennysheep_small_square, uniq_robin

Skill      XL: |  1  2  3  4 |
---------------+-------------+-----
Axes           | 2 3 4 |  4.7
Dodging        | 1 |  1.8
Fighting       | |  3.2
Armour         | |  3.2
Shields        | |  3.2

Action                   |  1- 3 |  4- 6 || total
-------------------------+-------+-------++-------
Melee: War axe           |   135 |    63 ||   198
  Use: Scroll            |     4 |     5 ||     9
       Potion            |     2 |       ||     2
Armor: Scale mail        |    78 |    11 ||    89
       Ring mail         |       |    18 ||    18
Dodge: Dodged            |    64 |    21 ||    85
Block: Buckler           |    21 |    13 ||    34

Table legend:
 A = Non-vault XP
 B = Vault XP
 C = Vault XP percentage of total XP
 D = Non-vault monster count
 E = Vault monster count
 F = Vault count percentage of total count
                 A         B        C        D         E       F
            +---------+---------+-------+---------+---------+-------
      Total |     279 |       3 |   1.1 |      55 |       2 |   3.5
            +---------+---------+-------+---------+---------+-------
        D:1 |      42 |       0 |   0.0 |      26 |       0 |   0.0
        D:2 |      41 |       3 |   6.8 |      14 |       2 |  12.5
        D:3 |      22 |       0 |   0.0 |      10 |       0 |   0.0
        D:4 |     174 |       0 |   0.0 |       5 |       0 |   0.0
            +---------+---------+-------+---------+---------+-------
